 Dungeon Crawl Stone Soup version 0.23-a0-419-g0174fd8 (webtiles) character file.

14 Geeful the Charmwright (level 2, -2/19 HPs)
             Began as a Halfling Skald on Nov 11, 2018.
             Slain by a worm (11 damage)
             ... on level 2 of the Dungeon.
             The game lasted 00:06:08 (1088 turns).

Geeful the Charmwright (Halfling Skald)             Turns: 1088, Time: 00:06:09

Health: -2/19      AC:  3    Str: 12      XL:     2   Next: 55%
Magic:  0/4        EV: 14    Int: 11      God:
Gold:   40         SH:  0    Dex: 11 (13) Spells: 1/4 levels left

rFire    . . .     SeeInvis .   a - +0 short sword
rCold    . . .     Gourm    .   (shield restricted)
rNeg     . . .     Faith    .   b - +0 leather armour
rPois    .         Spirit   .   (no helmet)
rElec    .         Reflect  .   (no cloak)
rCorr    .         Harm     .   (no gloves)
MR       .....                  (no boots)
Stlth    +.........             (no amulet)
HPRegen  0.06/turn              (no ring)
MPRegen  0.09/turn              (no ring)

@: infused
A: small, mutation resistance 1
a: no special abilities


You were on level 2 of the Dungeon.
You were not hungry.

You visited 1 branch of the dungeon, and saw 2 of its levels.

You collected 40 gold pieces.

Inventory:

Hand Weapons
 a - a +0 short sword (weapon)
Missiles
 j - 42 stones (quivered)
Armour
 b - a +0 leather armour (worn)
Scrolls
 c - a scroll of fear
 k - a scroll of blinking
 l - a scroll of teleportation
Potions
 e - 2 potions of curing
 g - a potion of flight
Comestibles
 d - a ration
 m - a chunk of flesh


   Skills:
 + Level 2.1 Fighting
 + Level 2.9 Short Blades
 - Level 1.1 Armour
 - Level 2.1 Dodging
 + Level 1.2 Stealth
 - Level 1.5 Spellcasting
 + Level 3.3 Charms


You had one spell level left.
You knew the following spells:

 Your Spells              Type           Power        Failure   Level  Hunger
a - Infusion              Chrm           #...         10%         1    ##.....
b - Song of Slaying       Chrm           #.......     16%         2    ###....

Your spell library contained the following spells:

 Spells                   Type           Power        Failure   Level  Hunger
 Shroud of Golubria       Chrm/Tloc      #.........   30%         2    ###....
 Regeneration             Chrm/Necr      #.........   52%         3    ####...
 Spectral Weapon          Hex/Chrm       #.......     52%         3    ####...


Dungeon Overview and Level Annotations

Branches:
Dungeon (2/15)

Altars:


Innate Abilities, Weirdness & Mutations

You are small and have problems with some larger weapons.
You are somewhat resistant to further mutation.


Message History

You hit the hobgoblin.
The hobgoblin is almost dead.
The hobgoblin closely misses you.
You hit the hobgoblin.
You kill the hobgoblin!
Casting: Infusion (safe; 10% risk of failure)
Confirm with . or Enter, or press ? or * to list all spells.
You begin infusing your attacks with magical energy.
The worm bites you!
You hit the worm!
The worm is moderately wounded.
The worm bites you.
You are too injured to fight recklessly!
You hit the worm.
The worm is heavily wounded.
You hit the worm.
The worm is severely wounded.
The worm bites you!
Ouch! That really hurt!
You die...

### #<# #.# #.#
### ####.#
####...#
#....####.@w.# #
#.###.....####.#
.. #..........#
...
.###..........#
..
..............#
.
####....#...#.#
.......<......#
##.....#....#.#
#.###.#....#.#


You could see a worm.

Vanquished Creatures
  A dart slug (D:1)
  A giant cockroach (D:1)
  3 hobgoblins
  A quokka (D:2)
  3 frilled lizards (D:1)
  A kobold (D:1)
  2 rats (D:1)
12 creatures vanquished.

Notes
Turn   | Place    | Note
-------+----------+-------------------------------------------
     0 | D:1      | Geeful the Halfling Skald began the quest for the Orb.
     0 | D:1      | Reached XP level 1. HP: 14/14 MP: 3/3
   312 | D:1      | Reached XP level 2. HP: 19/19 MP: 1/4
   449 | D:1      | Reached skill level 1 in Stealth
   919 | D:1      | Learned a level 2 spell: Song of Slaying
   964 | D:2      | Noticed a quasit
  1088 | D:2      | Slain by a worm

Vault maps used:
D:1:      dpeg_arrival_erosion, feat_on_display
D:2:      first_ration, chequers_ecumenical_altar_simple_redux

Skill      XL: |  1  2 |
---------------+-------+-----
Fighting       | 2 |  2.1
Stealth        | 1 |  1.2
Short Blades   | |  2.9
Armour         | |  1.1
Dodging        | |  2.1
Spellcasting   | |  1.5
Charms         | |  3.3

Action                   || total
-------------------------++-------
Melee: Short sword       ||    47
 Cast: Infusion          ||     5
  Use: Scroll            ||     4
       Potion            ||     3
  Eat: Chunk             ||     1
Armor: Leather armour    ||     9
Dodge: Dodged            ||    27

Table legend:
 A = Non-vault XP
 B = Vault XP
 C = Vault XP percentage of total XP
 D = Non-vault monster count
 E = Vault monster count
 F = Vault count percentage of total count
                 A         B        C        D         E       F
            +---------+---------+-------+---------+---------+-------
      Total |      20 |       0 |   0.0 |      12 |       0 |   0.0
            +---------+---------+-------+---------+---------+-------
        D:1 |      16 |       0 |   0.0 |      10 |       0 |   0.0
        D:2 |       4 |       0 |   0.0 |       2 |       0 |   0.0
            +---------+---------+-------+---------+---------+-------
